 Dungeon Sprint DCSS version 0.27-a0-1116-g91b3acb402 (webtiles) character file.

Game seed: 678936761393037279

1061 mhtbhm the Arsonist (level 8, -2/43 HPs)
             Began as a Deep Elf Fire Elementalist on May 1, 2021.
             Was an Elder of Vehumet.
             Slain by Luuh the pandemonium lord (6 damage)
             ... in the Dungeon (Sprint V: "Ziggurat Sprint").
             The game lasted 00:02:50 (596 turns).

mhtbhm the Arsonist (Deep Elf Fire Elementalist)     Turns: 596, Time: 00:02:51

Health: -2/43      AC:  6    Str:  5    XL:     8   Next: 6%
Magic:  14/24      EV: 16    Int: 35    God:    Vehumet [****..]
Gold:   0          SH:  0    Dex: 15    Spells: 12/28 levels left

rFire    + . .     SeeInvis .   C - +8 lance "Wyrmbane" {slay drac, rPois rF+ rC+ AC+3}
rCold    + + .     Faith    .   (no shield)
rNeg     . . .     Spirit   .   a - +1 robe {rC+}
rPois    +         Reflect  .   (no helmet)
rElec    .         Harm     .   (no cloak)
rCorr    .         Rampage  .   (no gloves)
Will     .....     NoTele   +   (no boots)
Stlth    +++.......             (no amulet)
HPRegen  0.14/turn              u - +6 ring of intelligence
MPRegen  0.19/turn              v - +6 ring of intelligence

@: hasted, very quick
A: no striking features
a: Renounce Religion


You were in the Dungeon.
You worshipped Vehumet.
Vehumet was greatly pleased with you.
You visited 1 branch

Inventory:

Hand Weapons
 C - the +8 lance "Wyrmbane" (weapon) {slay drac, rPois rF+ rC+ AC+3}
   (You found it in the Dungeon)

   It affects your AC (+3).
   It protects you from fire.
   It protects you from cold.
   It protects you from poison.
Armour
 a - a +1 robe of cold resistance (worn)
Jewellery
 u - a +6 ring of intelligence (left hand)
 v - a +6 ring of intelligence (right hand)
Wands
 y - a wand of mindburst (3)
 z - a wand of iceblast (3)
Scrolls
 m - 4 scrolls of amnesia
 n - 7 scrolls of fog
 o - a scroll of holy word
 p - 5 scrolls of identify
 q - 2 scrolls of fear
Potions
 b - 2 potions of brilliance
 c - 10 potions of curing
 d - 10 potions of heal wounds
 e - 5 potions of haste
 f - 7 potions of magic
 g - 3 potions of berserk rage
 i - 2 potions of invisibility
 j - 4 potions of resistance
 k - a potion of experience
 l - 5 potions of might
Miscellaneous
 r - a box of beasts
 B - a lightning rod (4/4)


   Skills:
 + Level 1.2 Fighting
 + Level 8.0 Dodging
 + Level 6.9 Stealth
 + Level 10.8 Spellcasting
 + Level 2.5 Conjurations
 + Level 13.3 Fire Magic
 + Level 5.2 Evocations


You had 12 spell levels left.
You knew the following spells:

 Your Spells              Type           Power      Damage    Failure   Level
a - Foxfire               Conj/Fire      100%       2x1d9     1%          1
b - Conjure Flame         Conj/Fire      65%        6-21      1%          3
c - Inner Flame           Hex/Fire       60%        N/A       1%          3
d - Sticky Flame          Conj/Fire      65%        2d8       1%          4
e - Fireball              Conj/Fire      32%        3d14      1%          5

Your spell library contained the following spells:

 Spells                   Type           Power      Damage    Failure   Level
 Shock                    Conj/Air       100%       1d9       1%          1


Dungeon Overview and Level Annotations

Branches:
Dungeon (1/1)

Altars:
Ashenzari
Cheibriados
Dithmenos
Elyvilon
Fedhas
Gozag
Hepliaklqana
Kikubaaqudgha
Makhleb
Nemelex Xobeh
Okawaru
Qazlal
Ru
Sif Muna
Trog
Uskayaw
Vehumet
Wu Jian
Xom
Yredelemnul
Zin
The Shining One
Beogh
Jiyva
Lugonu

Annotations:
D 1 transporter


Message History

You feel clever.
Blink to where?
Press: ? - help, Dir - move target, p - Luuh
As you read the scroll of blinking, it crumbles to dust.
Unknown command.
Okay, then.
Aiming: Iceblast
Press: ? - help, Shift-Dir - straight line, f - Luuh
Aim: Luuh, armed with a distorting touch (lightly wounded)
The mass of ice explodes!
The iceblast engulfs Luuh.
Luuh is frozen!
Luuh is lightly wounded.
The iceblast engulfs the crimson imp!!
The crimson imp is frozen!
You kill the crimson imp!
Vehumet accepts your kill.
Your Dodging skill increases to level 8!
Unknown command.
Unknown command.
Unknown command.
Casting: Fireball (dangerous; 1% risk of failure)
Confirm with . or Enter, or press ? or * to list all spells.
Aiming: Fireball (dangerous; 1% risk of failure)
Press: ? - help, Shift-Dir - straight line, f/p - Luuh
Aim: Luuh, armed with a distorting touch (lightly wounded)
The fireball explodes!
The fireball engulfs Luuh!!
Luuh is moderately wounded.
Unknown command.
Casting: Fireball (dangerous; 1% risk of failure)
Confirm with . or Enter, or press ? or * to list all spells.
Aiming: Fireball (dangerous; 1% risk of failure)
Press: ? - help, Shift-Dir - straight line, f/p - Luuh
Aim: Luuh, armed with a distorting touch (moderately wounded)
The fireball explodes!
The fireball engulfs Luuh!
Luuh is moderately wounded.
Unknown command.
Unknown command.
You feel yourself speed up. Luuh splashes you!!!
Ouch! That really hurt!
* * * LOW HITPOINT WARNING * * *
Space bends around you.
You die...

▓..©..▓..©..▓▓▓▓▓▓▓
▓▓▓▓▓▓▓▓▓▓▓▓▓▓▓▓▓▓▓
▓..8©8...▓..8©8...▓
▓..)|[...▓..:=:...▓
▓...)....▓..:.|...▓
▓........▓........▓
▓........▓........▓
▓........▓.&......▓
▓...©....▓@..©....▓
▓▓▓▓▓▓▓▓▓▓▓▓▓▓▓▓▓▓▓


You could see Luuh.

Vanquished Creatures
  2 toenail golems (D)
  A hell hound (D)
  A water moccasin (D)
  2 crimson imps (D)
  A quasit (D)
  An orc priest (D)
  An orc wizard (D)
  2 adders (D)
  A white imp (D)
  2 ufetubi (D)
  2 orcs (D)
  A giant cockroach zombie (D)
17 creatures vanquished.

Notes
Turn   | Place    | Note
-------+----------+-------------------------------------------
     0 | D        | mhtbhm the Deep Elf Fire Elementalist began the quest for
                  | the Orb.
     0 | D        | Reached XP level 1. HP: 10/10 MP: 6/6
     0 | D        | Found a shimmering blue altar of Sif Muna.
     0 | D        | Found a bloodstained altar of Trog.
     0 | D        | Found a sacrificial altar of Ru.
     0 | D        | Found a stormy altar of Qazlal.
     0 | D        | Found an iron altar of Okawaru.
     1 | D        | Found a sparkling altar of Nemelex Xobeh.
     1 | D        | Found a blossoming altar of Fedhas.
     2 | D        | Found the +6 Majin-Bo {vamp, MP+6 Int+6}
     2 | D        | Found the +9 heavy crossbow "Sniper" {vorpal, Acc+∞ SInv}
     2 | D        | Found the +10 dark maul {vorpal}
     2 | D        | Found the +15 Maxwell's patent armour {-Cast -Tele rElec
                  | Will+ rCorr}
     2 | D        | Found the +18 shield of the Gong {rElec rN+ Will+ EV-5}
     2 | D        | Found the +14 obsidian axe {vorpal, Drain Fly SInv}
     2 | D        | Found the +7 great mace "Firestarter" {inner flame, rF++}
     2 | D        | Found the +6 shillelagh "Devastator" {shatter}
     2 | D        | Found the +11 plutonium sword {Contam Stlth-}
     2 | D        | Found the +8 lance "Wyrmbane" {slay drac, rPois rF+ rC+
                  | AC+3}
     2 | D        | Found the +9 sword of Zonguldrok {reap}
     2 | D        | Found the +13 scythe of Curses {drain, Drain}
     2 | D        | Found the +5 sword of Power {vorpal}
     2 | D        | Found the +7 mace of Variability {chain chaos}
     2 | D        | Found the +7 Singing Sword {vorpal, sonic wave}
     2 | D        | Found the +8 storm bow {elec, penet}
     3 | D        | Found a transporter.
     3 | D        | Found an ancient bone altar of Kikubaaqudgha.
     3 | D        | Found a viscous altar of Jiyva.
     3 | D        | Found a corrupted altar of Lugonu.
     3 | D        | Found a hazy altar of Hepliaklqana.
     3 | D        | Found a burning altar of Makhleb.
     3 | D        | Found an opulent altar of Gozag.
    43 | D        | Became a worshipper of Vehumet
    56 | D        | Entered arena 2.
    56 | D        | Noticed a toenail golem
    56 | D        | Noticed a toenail golem
    56 | D        | Found a transporter.
    64 | D        | Killed a toenail golem
    65 | D        | Reached skill level 5 in Stealth
    65 | D        | Reached skill level 10 in Fire Magic
    65 | D        | Reached XP level 2. HP: 15/15 MP: 7/13
    65 | D        | Reached XP level 3. HP: 19/19 MP: 7/14
    65 | D        | Reached XP level 4. HP: 24/24 MP: 8/16
    65 | D        | Reached XP level 5. HP: 28/28 MP: 8/17
    65 | D        | Reached XP level 6. HP: 32/32 MP: 8/19
    68 | D        | Killed a toenail golem
    69 | D        | Reached skill level 12 in Fire Magic
    69 | D        | Reached XP level 7. HP: 17/36 MP: 8/22
   234 | D        | Learned a level 3 spell: Conjure Flame
   238 | D        | Learned a level 3 spell: Inner Flame
   243 | D        | Learned a level 4 spell: Sticky Flame
   249 | D        | Learned a level 5 spell: Fireball
   251 | D        | Entered arena 3.
   251 | D        | Found a transporter.
   252 | D        | Reached * piety under Vehumet
   252 | D        | Offered knowledge of Freeze by Vehumet.
   255 | D        | Reached skill level 10 in Spellcasting
   425 | D        | Entered arena 4.
   425 | D        | Found a transporter.
   426 | D        | Reached ** piety under Vehumet
   426 | D        | Offered knowledge of Shock by Vehumet.
   427 | D        | Reached skill level 13 in Fire Magic
   466 | D        | Entered arena 5.
   466 | D        | Found a transporter.
   467 | D        | Reached *** piety under Vehumet
   471 | D        | Reached skill level 5 in Evocations
   478 | D        | Reached skill level 1 in Fighting
   587 | D        | Entered arena 6.
   587 | D        | Noticed Luuh the pandemonium lord
   587 | D        | Found a transporter.
   588 | D        | Reached **** piety under Vehumet
   592 | D        | Reached XP level 8. HP: 43/43 MP: 24/24
   596 | D        | Slain by Luuh the pandemonium lord

Illustrated notes

Levels and vault maps discovered:
D:        sprint_v [room_start, room_1, room_2, room_3, room_4, room_5, room_6,
          room_7, room_8, room_9, room_10, room_11, room_12, room_13, room_14,
          room_15, room_16, room_17, room_18, room_19, room_20, room_21,
          room_22, room_23, room_24, room_25, room_26, room_27]

Skill      XL: |  1  2  3  4  5  6  7  8 |
---------------+-------------------------+-----
Dodging        | 6 7 8 |  8.0
Stealth        | 5 6 |  6.9
Spellcasting   | 8 9 10 | 10.8
Fire Magic     | 10 12 13 | 13.3
Evocations     | 3 4 5 |  5.2
Conjurations   | 2 |  2.5
Fighting       | 1 |  1.2

Action                   |  1- 3 |  4- 6 |  7- 9 || total
-------------------------+-------+-------+-------++-------
 Cast: Fireball          |       |       |     8 ||     8
Evoke: Wand              |     6 |     2 |     7 ||    15
       Lightning rod     |       |     2 |       ||     2
       Box of beasts     |       |       |     1 ||     1
  Use: Scroll            |     2 |       |     2 ||     4
       Potion            |       |       |     1 ||     1
Armor: Robe              |     1 |       |       ||     1
Dodge: Dodged            |       |     1 |     2 ||     3

Table legend: (Time is in decaauts)
 A = Elapsed time spent in this place.
 B = Non-inter-level travel time spent in this place.
 C = Inter-level travel time spent in this place.
 D = Time resting spent in this place.
 E = Time spent auto-exploring this place.
 F = Levels seen in this place.
 G = Mean time per level.
                   A        B        C        D        E       F      G
               +--------+--------+--------+--------+--------+-----+--------+
         Total |    594 |    594 |      0 |    432 |      0 |   1 |  594.0 |
       Dungeon |    594 |    594 |      0 |    432 |      0 |   1 |  594.0 |
               +--------+--------+--------+--------+--------+-----+--------+

Top non-repeatable levels by time:
       D: 594 daAuts
